 Dungeon Crawl Stone Soup version 0.17.0-24-gcfadda4 (webtiles) character file.

23889 UristPineapples the Fighter (level 13, -4/89 HPs)
             Began as a Gargoyle Fighter on Nov 16, 2015.
             Was a High Priest of Ru.
             Slain by a harpy (13 damage)
             ... summoned by Kirke
             ... on level 6 of the Lair of Beasts.
             The game lasted 01:04:03 (16377 turns).

UristPineapples the Fighter (Gargoyle Fighter)     Turns: 16377, Time: 01:04:03

Health: -4/89      AC:  0    Str: 21    XL:     13   Next: 9%
Magic:  9/13       EV: 15    Int: 12    God:    Ru [*****.]
Gold:   716        SH:  0    Dex: 10    Spells: 0 memorised, 12 levels left

rFire  . . .     SeeInvis .     (weapon currently unavailable)
rCold  . . .     Clarity  .     (armour currently unavailable)
rNeg   + . .     SustAt   .     (shield currently unavailable)
rPois  ∞         Gourm    .     (helmet currently unavailable)
rElec  .         Spirit   .     (cloak currently unavailable)
rCorr  .         Warding  .     (gloves currently unavailable)
rMut   .         Stasis   .     (boots currently unavailable)
MR     .....                    (no amulet)
Stlth  ..........               (ring currently unavailable)
                                (ring currently unavailable)

@: exhausted, pig-form, no potions, very quick, not resistant to hostile
enchantments, extremely unstealthy
A: negative energy resistance 1, (electricity resistance), (unbreathing),
petrification resistance, rot immunity, inability to drink while threatened, no
stealth, no fire magic, no necromancy magic, no summoning magic, magic
vulnerability 1, unskilled 1, AC +9
a: Draw Out Power, Power Leap, Apocalypse, Renounce Religion


You were on level 6 of the Lair of Beasts.
You worshipped Ru.
Ru was extremely pleased with you.
You were not hungry.
You were a filthy swine.
You visited 3 branches of the dungeon, and saw 20 of its levels.
You also visited: Ossuary and Bailey.

You collected 1103 gold pieces.
You spent 387 gold pieces at shops.

Inventory:

Hand Weapons
 r - the +10 flail of the Philosopher {distort, +Inv, unknown}
   (You found it on level 5 of the Lair of Beasts)

   It warps and distorts space around it.
   Unwielding it can cause banishment or high damage.
   It lets you turn invisible.
 T - a +3 dire flail (melded)
Missiles
 v - 3 throwing nets (quivered)
Armour
 k - a +0 cloak (melded)
 G - a cursed +0 pair of gloves (melded)
 K - the cursed +1 chain mail of Forking Paths (melded) {rElec rPois rC+ MR+ Str+2}
   (You found it on level 5 of the Dungeon)

   It affects your strength (+2).
   It protects you from cold.
   It insulates you from electricity.
   It protects you from poison.
   It affects your resistance to hostile enchantments.
   It has a curse placed upon it.
 Y - a +0 helmet (melded)
Jewellery
 y - the ring of Vycoj {rF+ rC+ EV+2, unknown}
   (You found it on level 9 of the Dungeon)

   [ring of evasion]

   It affects your evasion (+2).
   It protects you from fire.
   It protects you from cold.
Wands
 q - a wand of confusion (20)
 J - a wand of teleportation (4)
 W - a wand of cold (7)
 X - a wand of fire (1)
 Z - a wand of teleportation (2)
Scrolls
 a - a scroll of vulnerability {unknown}
 d - 3 scrolls of summoning {unknown}
 f - 6 scrolls of recharging {unknown}
 g - 7 scrolls of enchant armour {unknown}
 h - 5 scrolls of blinking {unknown}
 i - 6 scrolls of teleportation {unknown}
 l - 9 scrolls of noise {unknown}
 p - 12 scrolls of identify {unknown}
 t - 11 scrolls of remove curse {unknown}
 w - a scroll of acquirement {unknown}
 x - 6 scrolls of enchant weapon {unknown}
 C - 3 scrolls of fear {unknown}
 M - a scroll of magic mapping {unknown}
 Q - 2 scrolls of fog {unknown}
 S - a scroll of immolation {unknown}
 V - a scroll of random uselessness {unknown}
Potions
 b - 7 potions of curing {unknown}
 c - a potion of berserk rage {unknown}
 j - 4 potions of haste {unknown}
 m - a potion of lignification {unknown}
 n - 2 potions of ambrosia {unknown}
 o - 4 potions of flight {unknown}
 s - 3 potions of mutation {unknown}
 z - 2 potions of degeneration {unknown}
 D - 3 potions of agility {unknown}
 H - a potion of cure mutation {unknown}
 L - 3 potions of poison {unknown}
 N - 4 potions of brilliance {unknown}
 O - 5 potions of heal wounds {unknown}
 P - a potion of might
 R - a potion of invisibility {unknown}
 U - a potion of cancellation {unknown}
Comestibles
 e - 11 bread rations
 u - 4 chunks of flesh
 E - 2 beef jerkies
 F - 7 meat rations


   Skills:
 * Level 13.6 Fighting
 + Level 13.2 Maces & Flails
 - Level 6.8 Armour
 - Level 4.1 Dodging
   Level 3.0 Shields


You had 12 spell levels left.
You didn't know any spells.

Dungeon Overview and Level Annotations

Branches:
Dungeon (11/15)            Temple (1/1) D:6            Lair (8/8) D:11
  Snake (0/4) Lair:3
  Swamp: Lair:3-6    Shoals: Lair:3-6     Slime: Lair:6-8       Orc: D:9-12

Altars:
Ashenzari
Cheibriados
Dithmenos
Elyvilon
Fedhas
Gozag
Kikubaaqudgha
Makhleb
Nemelex Xobeh
Okawaru
Qazlal
Ru
Sif Muna
Trog
Vehumet
Xom
Yredelemnul
Zin
The Shining One

Shops:
D:4 [   D:8 }:

Annotations:
D:6 Blork the orc
Lair:1 exclusion: oklob plant
Lair:6 Kirke


Innate Abilities, Weirdness & Mutations

You are resistant to torment.
((Your stone body is resilient (AC +9).))
You are immune to poison.
You resist negative energy.
((You are resistant to electric shocks.))
((You can survive without breathing.))
You are immune to petrification.
You are immune to rotting.
You cannot drink potions while threatened.
You cannot be stealthy.
You cannot study or cast Fire magic.
You cannot study or cast Necromancy magic.
You cannot study or cast Summoning magic.
You are slightly vulnerable to magic.
You are somewhat unskilled (-1 Apt).


Message History

Kirke is almost dead.
The harpy barely misses you. The harpy claws you.
You redirect the hog's attack!
The hog closely misses the hog.
The hog bites you!
You feel threatened and lose the ability to drink potions!
Kirke begins to cast a spell, but is stunned by your will!
The hog bites you!
* * * LOW HITPOINT WARNING * * *
You focus your will and paralyse the hog in retribution!
The hog misses you. The hog bites you!
* * * LOW HITPOINT WARNING * * *
An ooze comes into view.
You cannot drink potions in your current state!
Okay, then.
Evoke which item? (* to show all) (? for menu, Esc to quit)
You have no means to grasp a wand firmly enough.
You hit Kirke.
Kirke is almost dead.
The harpy claws you!
You die...

###..##....
#.........
##.....#.†.
##.....##...
###..P.....#..
###P....P.......
#.P.....P####...
####......P##
#.#.
#@hhH$.#####
##..
..J.J.hhH.### ##
.....Jhh..# .
.......H.##
....###### ...#
... ..


You could see Kirke, 3 harpies, 5 hogs, 2 jellies and an ooze.

Vanquished Creatures
  Erolcha (D:9)
  2 hydras
  An unseen horror (D:11)
  A necromancer (Lair:3)
  An elephant (D:11)
  3 griffons
  4 black mambas
  10 spiny frogs
  2 fire drakes (Lair:3)
  4 komodo dragons
  4 blink frogs
  A deep elf mage (D:9)
  A wraith (D:10)
  18 yaks
  4 hippogriffs
  A spriggan (D:10)
  4 basilisks
  A hungry ghost (D:10)
  7 water moccasins
  A naga (Lair:3)
  7 porcupines
  6 wolves
  3 orc warriors
  A sky beast (D:8)
  A wasp (D:10)
  2 ice beasts
  3 ogres
  5 phantoms
  3 centaurs
  7 crocodiles
  13 giant frogs
  2 gnoll sergeants
  2 scorpions
  4 water moccasin zombies (Ossuary)
  A wyvern skeleton (D:7)
  4 wights (D:9)
  2 giant frog zombies (D:5)
  3 crimson imps
  9 hounds
  5 gnoll shamans
  3 jellies
  2 centaur skeletons
  3 giant frog skeletons
  8 worker ants
  12 iguanas
  2 polar bear simulacra (Lair:3)
  An orc priest (D:6)
  8 orc wizards
  4 hell rats (Lair:4)
  2 sheep (D:11)
  5 yak simulacra (Lair:3)
  3 big kobold zombies (Ossuary)
  2 wolf simulacra (Lair:3)
  2 mummies (Ossuary)
  3 worker ant zombies
  11 adders
  51 gnolls
  43 river rats
  2 shadow imps
  5 adder zombies (Ossuary)
  An ooze (D:4)
  An adder skeleton (D:6)
  4 worms
  8 giant geckos
  34 orcs
  A ball python (D:3)
  10 bats
  A gnoll zombie (Ossuary)
  7 hobgoblins
  28 jackals
  5 quokkas
  7 giant cockroaches
  A giant gecko skeleton (D:4)
  4 giant newts
  9 goblins
  4 hobgoblin zombies (Ossuary)
  6 kobolds
  2 kobold zombies (Ossuary)
  3 orc zombies (Ossuary)
  A quokka skeleton (D:4)
  7 rats
  2 river rat simulacra (Lair:3)
472 creatures vanquished.

Vanquished Creatures (others)
  A water moccasin (Lair:6)
  A quokka (D:9)
  A fungus (Lair:4)
  6 plants
9 creatures vanquished.

Grand Total: 481 creatures vanquished

Notes
Turn   | Place    | Note
--------------------------------------------------------------
     0 | D:1      | UristPineapples the Gargoyle Fighter began the quest for the Orb.
     0 | D:1      | Reached XP level 1. HP: 14/14 MP: 1/1
   139 | D:1      | Reached XP level 2. HP: 19/19 MP: 2/2
   187 | D:1      | Found a snail-covered altar of Cheibriados.
   602 | D:1      | Reached XP level 3. HP: 23/23 MP: 3/3
  1080 | D:2      | Found a snail-covered altar of Cheibriados.
  1241 | D:2      | Reached XP level 4. HP: 29/29 MP: 4/4
  1801 | D:3      | Found a stormy altar of Qazlal.
  1858 | D:3      | Reached skill level 4 in Fighting
  1868 | D:3      | Reached XP level 5. HP: 25/33 MP: 5/5
  1923 | D:3      | Reached skill level 5 in Maces & Flails
  2075 | D:3      | Found a basalt altar of Yredelemnul.
  2088 | D:3      | Found a glowing golden altar of the Shining One.
  2109 | D:3      | Found a shattered altar of Ashenzari.
  2210 | D:3      | Reached XP level 6. HP: 39/39 MP: 6/6
  2463 | D:3      | Found a burning altar of Makhleb.
  2464 | D:3      | Found a shimmering altar of Xom.
  2467 | D:3      | Reached skill level 5 in Fighting
  2839 | D:4      | Found Otietoq's Antique Armour Emporium.
  2856 | D:4      | Bought a shiny buckler for 117 gold pieces
  3132 | D:4      | Reached XP level 7. HP: 44/44 MP: 7/7
  3250 | D:4      | Found a stormy altar of Qazlal.
  3309 | D:4      | Reached skill level 6 in Maces & Flails
  3693 | D:3      | Found an iron altar of Okawaru.
  4167 | D:4      | Reached XP level 8. HP: 51/51 MP: 8/8
  4232 | D:4      | Reached skill level 7 in Maces & Flails
  4865 | D:5      | Entered Level 5 of the Dungeon
  4879 | D:5      | Reached skill level 5 in Armour
  5246 | D:5      | Reached skill level 8 in Maces & Flails
  5376 | D:5      | Found a shadowy altar of Dithmenos.
  5478 | D:5      | Reached XP level 9. HP: 54/57 MP: 9/9
  5521 | D:5      | Got a scorched chain mail
  5532 | D:5      | Identified the cursed +1 chain mail of Forking Paths {rElec rPois rC+ MR+ Str+2} (You found it on level 5 of the Dungeon)
  5860 | D:6      | Found a shimmering altar of Xom.
  5877 | D:6      | Found a shimmering altar of Xom.
  5878 | D:6      | Found a shimmering altar of Xom.
  5878 | D:6      | Found a shimmering altar of Xom.
  5878 | D:6      | Found a shimmering altar of Xom.
  5879 | D:6      | Found a shimmering altar of Xom.
  6055 | D:6      | Found a sand-covered staircase.
  6095 | Ossuary  | Entered an ossuary
  6105 | Ossuary  | Reached skill level 9 in Maces & Flails
  6654 | D:6      | Noticed Blork the orc
  6825 | D:7      | Found a flagged portal.
  6833 | Bailey   | Entered a bailey
  6886 | Bailey   | Found an iron altar of Okawaru.
  6886 | Bailey   | Noticed an orc sorcerer
  6886 | Bailey   | Noticed a kobold demonologist
  6887 | Bailey   | Noticed a hellwing
  6888 | Bailey   | Noticed a sun demon
  7035 | D:6      | Found a staircase to the Ecumenical Temple.
  7044 | Temple   | Entered the Ecumenical Temple
  7060 | Temple   | Became a worshipper of Ru the Awakened
  7373 | D:6      | Reached skill level 10 in Maces & Flails
  7928 | D:7      | Reached XP level 10. HP: 61/65 MP: 10/10
  8276 | D:8      | Reached skill level 1 in Dodging
  8291 | D:8      | Found Tuesmu's Gadget Shop.
  8299 | D:8      | Bought a wand of teleportation (2) for 270 gold pieces
  8464 | D:8      | Found Abuakea's Book Shop.
  8540 | D:8      | Gained mutation: You cannot drink potions while threatened. [Ru sacrifice]
  8540 | D:8      | Reached * piety under Ru
  8801 | D:9      | Noticed Erolcha
  8809 | D:9      | Killed Erolcha
  8809 | D:9      | Reached skill level 11 in Maces & Flails
  8844 | D:9      | Got a glittering lapis lazuli ring
  9257 | D:9      | Found a radiant altar of Vehumet.
  9259 | D:9      | Found an ancient bone altar of Kikubaaqudgha.
  9259 | D:9      | Found a deep blue altar of Sif Muna.
  9271 | D:9      | Identified Vehumet's Catalogue of Attacks (You found it on level 9 of the Dungeon)
  9278 | D:9      | Identified Kikubaaqudgha's Catalogue of Dark Arts
  9287 | D:9      | Identified Sif Muna's Handbook of the Escort
  9519 | D:9      | Found a white marble altar of Elyvilon.
  9805 | D:10     | Entered Level 10 of the Dungeon
  9980 | D:10     | Reached XP level 11. HP: 31/71 MP: 11/11
 10287 | D:10     | Reached skill level 12 in Maces & Flails
 10366 | D:10     | Gained mutation: You cannot study or cast Fire magic. [Ru sacrifice]
 10366 | D:10     | Gained mutation: You cannot study or cast Necromancy magic. [Ru sacrifice]
 10366 | D:10     | Gained mutation: You cannot study or cast Summoning magic. [Ru sacrifice]
 10366 | D:10     | Reached ** piety under Ru
 10767 | D:11     | Noticed an unseen horror
 10778 | D:11     | Killed an unseen horror
 10789 | D:11     | Reached skill level 10 in Fighting
 10930 | D:11     | Found a staircase to the Lair.
 10998 | Lair:1   | Entered Level 1 of the Lair of Beasts
 11250 | Lair:2   | Noticed a six-headed hydra
 12036 | Lair:2   | Reached skill level 13 in Maces & Flails
 12138 | Lair:2   | Reached XP level 12. HP: 81/81 MP: 12/12
 12313 | Lair:2   | Gained mutation: You cannot be stealthy. [Ru sacrifice]
 12313 | Lair:2   | Reached *** piety under Ru
 12413 | Lair:2   | Killed a six-headed hydra
 13006 | Lair:3   | Found a frozen archway.
 13700 | Lair:8   | Entered Level 8 of the Lair of Beasts
 13971 | Lair:3   | Gained mutation: You are slightly vulnerable to magic. [Ru sacrifice]
 13971 | Lair:3   | Reached **** piety under Ru
 14049 | Lair:3   | Found a staircase to the Snake Pit.
 15261 | Lair:4   | Noticed a five-headed hydra
 15270 | Lair:4   | Killed a five-headed hydra
 15436 | Lair:4   | Reached skill level 14 in Fighting
 15691 | Lair:5   | Got an ancient flail
 15892 | Lair:5   | Reached XP level 13. HP: 75/91 MP: 13/13
 15969 | Lair:5   | Gained mutation: You are somewhat unskilled (-1 Apt). [Ru sacrifice]
 15969 | Lair:5   | Reached ***** piety under Ru
 16363 | Lair:6   | Noticed Kirke
 16377 | Lair:6   | Slain by a harpy

Action                   |  1- 3 |  4- 6 |  7- 9 | 10-12 | 13-15 || total
-------------------------+-------+-------+-------+-------+-------++-------
Melee: Flail             |   169 |   237 |   685 |       |       ||  1091
       Morningstar       |       |       |    84 |       |       ||    84
       Dire flail        |       |       |       |   950 |    39 ||   989
       Unarmed           |       |       |       |       |     2 ||     2
Throw: Throwing net      |       |     5 |     1 |     2 |       ||     8
Invok: Sacrifice Drink   |       |       |       |     1 |       ||     1
       Sacrifice Arcana  |       |       |       |     1 |       ||     1
       Power Leap        |       |       |       |     1 |     1 ||     2
       Draw Out Power    |       |       |       |     1 |       ||     1
       Sacrifice Essence |       |       |       |     1 |       ||     1
       Sacrifice Stealth |       |       |       |     1 |       ||     1
       Sacrifice Skill   |       |       |       |       |     1 ||     1
Evoke: Wand              |       |       |     4 |     7 |       ||    11
 Stab: Held in net/web   |       |     2 |       |     3 |       ||     5
       Paralysed         |       |       |     6 |       |       ||     6
       Invisible         |       |       |       |     3 |       ||     3
  Eat: Chunk             |     1 |     4 |     9 |    12 |     2 ||    28
       Bread ration      |       |     1 |     1 |     2 |       ||     4
       Pizza             |       |       |     1 |     1 |       ||     2
       Beef jerky        |       |       |       |     3 |       ||     3
       Meat ration       |       |       |       |     1 |       ||     1
